AoeStats
← IGI.The_Jenk

Arabia

510319441Analyzed
1v1 RM · 1d ago on Sep 30, 2026· 51m 8s· 2 players
Game mode
Random Map
Map size
Tiny (2 player)
Population
200
Speed
Normal
Resources
Standard
Victory
Conquest
Starting age
Dark Age
Ending age
Imperial Age
RankedLock teamsTeams togetherTeam positionsShared explorationLock speedFull tech treeHidden civsTurbo modeCheats
Victory
Defeat
1169
+16
🇬🇧 Varangians · United Kingdom
1171
-16
愛されたいんだだけさ
0:27 Loom
10:36 Feudal Age
19:32 Castle Age
21:20 Stone Mining
21:13 Horse Collar
21:22 Double-Bit Axe
26:05 Fletching
27:42 Wheelbarrow
29:06 Bodkin Arrow
30:23 Padded Archer Armor
32:38 Hand Cart
32:39 Town Watch
36:14 Imperial Age
34:22 Leather Archer Armor
36:31 Elite Plumed Archer
36:54 Capped Ram
38:16 Ballistics
38:00 Bracer
39:08 Siege Ram
40:55 Gold Mining
41:42 Stone Shaft Mining
40:54 Pikeman
41:05 Eagle Warrior
42:19 Elite Eagle Warrior
44:02 Scale Mail Armor
44:13 Forging
45:53 Halberdier
47:11 Chain Mail Armor
47:31 Iron Casting
48:05 Chemistry
47:53 Bow Saw
47:46 Heavy Plow
48:24 Plate Mail Armor
49:16 Conscription
51:41 Blast Furnace
51:12 Ring Archer Armor
51:43 Thumb Ring
52:14 Holcans
IGI.The_Jenk
6:28 Loom
8:55 Feudal Age
10:11 Double-Bit Axe
13:23 Horse Collar
19:24 Castle Age
17:55 Gold Mining
19:15 Fletching
19:37 Bloodlines
20:32 Bow Saw
21:08 Bodkin Arrow
22:36 Wheelbarrow
25:33 Padded Archer Armor
26:52 Stone Mining
32:26 Imperial Age
30:50 Scale Barding Armor
30:50 Husbandry
32:15 Chain Barding Armor
34:17 Plate Barding Armor
33:05 Cavalier
36:11 Vendel Legacy
37:17 Elite Skirmisher
41:23 Ballistics
42:27 Chemistry
41:46 Leather Archer Armor
46:39 Two-Man Saw
46:57 Chemistry
46:49 Forging
47:29 Bracer
48:01 Ring Archer Armor
48:07 Iron Casting
48:22 Hand Cart
48:13 Town Watch
49:23 Heavy Plow
49:13 Light Cavalry
51:56 Blast Furnace
51:03 Murder Holes
Connection lost

Rejoining the realm…

Still unreachable

The connection could not be restored.

Session expired

The server has moved on; the page needs a fresh start.